 Dungeon Crawl Stone Soup version 0.27-a0-1200-g94dc6ad4cf (webtiles) character file.

Game seed: 10172075196525975032

129231 spiderkeys the Earth Mage (level 17, -12/113 HPs)
             Began as a Gargoyle Earth Elementalist on May 31, 2021.
             Was a Believer of Ashenzari.
             Killed from afar by a crystal guardian (54 damage)
             ... with a crystal bolt
             ... in the Desolation of Salt.
             The game lasted 01:38:47 (34645 turns).

spiderkeys the Earth Mage (GrEE)                   Turns: 34645, Time: 01:38:47

Health: -12/113    AC: 20    Str: 14    XL:     17   Next: 5%
Magic:  8/52       EV: 16    Int: 21    God:    Ashenzari [**....]
Gold:   4476       SH: 12    Dex: 10    Spells: 22/42 levels left

rFire    + . .     SeeInvis +   r - +6 dagger (elec)
rCold    . . .     Faith    .   X - +3 buckler of Ashenzari's Regret {reflect, Elem, Alch} (curse)
rNeg     + . .     Spirit   .   Z - +1 robe {rF+}
rPois    ∞         Reflect  +   (no helmet)
rElec    +         Harm     .   n - +0 cloak
rCorr    .         Rampage  .   k - +2 pair of gloves "I Knew You'd Do That" {Elem, Cun} (curse)
Will     +....                  d - +0 pair of boots of Ashenzari's Idealism {Stlth+, Melee, Self} (curse)
Stlth    +++.......             t - amulet of reflection
HPRegen  1.28/turn              W - ring of the Wild Blue Yonder {MP+9, Elem, Melee} (curse)
MPRegen  0.33/turn              w - ring of magical power

@: flying
A: sickness immunity, AC +12, big wings, negative energy resistance 1,
electricity resistance, torment resistance 1, petrification resistance,
regeneration 1, screaming 1
a: Renounce Religion, Shatter the Chains


You were in the Desolation of Salt.
You worshipped Ashenzari.
Ashenzari was pleased with you.
You visited 5 branches of the dungeon, and saw 25 of its levels.
You also visited: Bailey, Ice Cave and Desolation.

You collected 5738 gold pieces.
You spent 1262 gold pieces at shops.


Innate Abilities, Weirdness & Mutations

You are immune to sickness and miasma.
Your stone body is resilient. (AC +12)
You are immune to poison.
Your large and strong wings let you fly.
You resist negative energy. (rN+)
You are resistant to electric shocks. (rElec)
You are resistant to unholy torment.
You are immune to petrification.
Your natural rate of healing is unusually fast.
You occasionally shout uncontrollably at your foes.


   Skills:
 - Level 13.9(15.1) Fighting
 + Level 11.5(12.8) Dodging
 - Level 2.1(3.3) Stealth
 - Level 4.0 Shields
 - Level 2.0(3.7) Unarmed Combat
 - Level 11.9(13.2) Spellcasting
 * Level 14.9 Conjurations
 - Level 0.8(1.6) Transmutations
 + Level 16.2(18.7) Earth Magic


You had 22 spell levels left.
You knew the following spells:

 Your Spells              Type           Power      Damage    Failure   Level
a - Passwall              Tmut/Erth      45%        N/A       1%          2
l - Lee's Rapid Deconstr  Erth           37%        3d20*     1%          5
m - Mephitic Cloud        Conj/Pois/Air  35%        N/A       1%          3
s - Iron Shot             Conj/Erth      35%        9d7       1%          6
w - Stone Arrow           Conj/Erth      100%       3d13      0%          3
z - Sandblast             Erth           100%       2d20      0%          1

Your spell library contained the following spells:

 Spells                   Type           Power      Damage    Failure   Level
 Foxfire                  Conj/Fire      100%       2x1d9     1%          1
 Conjure Flame            Conj/Fire      46%        6-21      1%          3
 Dazzling Flash           Conj/Hex       90%        N/A       1%          3
 Hailstorm                Conj/Ice       46%        3d11      1%          4
 Petrify                  Tmut/Erth      54%        N/A       1%          4
 Sticky Flame             Conj/Fire      46%        2d6       1%          4
 Bolt of Magma            Conj/Fire/Erth 28%        4d13      1%          5
 Iskenderun's Battlesphe  Conj           67%        2d12      1%          5
 Beastly Appendage        Tmut           40%        N/A       2%          1
 Sting                    Tmut/Pois      68%        1d6       3%          1
 Wereblood                Tmut           20%        N/A       3%          2
 Animate Skeleton         Necr           26%        N/A       4%          1
 Apportation              Tloc           26%        N/A       4%          1
 Corona                   Hex            14%        N/A       4%          1
 Freeze                   Ice            60%        1d8       4%          1
 Pain                     Necr           52%        1d6       4%          1
 Summon Small Mammal      Summ           52%        N/A       4%          1
 Fireball                 Conj/Fire      23%        3d11      5%          5
 Ensorcelled Hibernation  Hex/Ice        28%        N/A       6%          2
 Poisonous Vapours        Pois/Air       30%        N/A       6%          2
 Orb of Destruction       Conj           33%        9d12      9%          7
 Spider Form              Tmut/Pois      8%         N/A       10%         3
 Ignite Poison            Fire/Tmut/Pois 17%        N/A       11%         3
 Frozen Ramparts          Ice            30%        1d5       12%         3
 Ozocubu's Armour         Ice            15%        N/A       12%         3
 Inner Flame              Hex/Fire       14%        N/A       13%         3
 Confusing Touch          Hex            13%        N/A       14%         3
 Tukima's Dance           Hex            13%        N/A       14%         3
 Vampiric Draining        Necr           6%         2d6       14%         3
 Ice Form                 Ice/Tmut       18%        N/A       30%         4
 Starburst                Conj/Fire      23%        8x6d8     30%         6
 Airstrike                Air            7%         N/A       36%         4
 Olgreb's Toxic Radiance  Pois           14%        N/A       41%         4
 Animate Dead             Necr           6%         N/A       43%         4
 Hydra Form               Tmut           10%        N/A       54%         5
 Metabolic Englaciation   Hex/Ice        7%         N/A       75%         5
 Agony                    Necr           13%        N/A       78%         5
 Spellforged Servitor     Conj/Summ      22%        N/A       88%         7
 Summon Hydra             Summ           6%         N/A       100%        7
 Ignition                 Fire           7%         3d5       100%        8
 Tornado                  Air            7%         N/A       100%        9

Inventory:

Hand Weapons
 r - a +6 dagger of electrocution (weapon)
   (You took it off an orc wizard on level 7 of the Dungeon)
 L - the +8 mithril axe "Arga" {speed, Will+}
   (You acquired it on level 13 of the Dungeon)

   Attacks with this weapon are significantly faster.
   It increases your willpower.
Missiles
 b - 252 stones
 m - 8 javelins
 u - 132 poisoned darts
 M - 4 curare-tipped darts {=f}
Armour
 d - the cursed +0 pair of boots of Ashenzari's Idealism (worn) {Stlth+, Melee, Self}
   (You found it on level 1 of the Lair of Beasts)

   It has a curse which improves the following skills: Melee Combat: Short
   Blades, Long Blades, Axes, Maces & Flails, Polearms, Staves and Unarmed
   Combat.
   Introspection: Fighting and Spellcasting.
 k - the cursed +2 pair of gloves "I Knew You'd Do That" (worn) {Elem, Cun}
   (You found it on level 2 of the Dungeon)

   It has a curse which improves the following skills: Elements: Fire Magic, Ice
   Magic, Air Magic and Earth Magic.
   Cunning:   Dodging and Stealth.
 n - a +0 cloak (worn)
   (You took it off Crazy Yiuf on level 3 of the Dungeon)
 E - a +2 pair of boots
   (You found it on level 8 of the Dungeon)
 U - the +7 chain mail "Zunob" {rPois Int+5 Dex-5}
   (You found it on level 14 of the Dungeon)

   It affects your intelligence (+5).
   It affects your dexterity (-5).
   It protects you from poison.
 X - the cursed +3 buckler of Ashenzari's Regret (worn) {reflect, Elem, Alch}
   (You found it on level 4 of the Lair of Beasts)

   It has a curse which improves the following skills: Elements: Fire Magic, Ice
   Magic, Air Magic and Earth Magic.
   Alchemy:   Poison Magic and Transmutations.
 Z - a +1 robe of fire resistance (worn)
   (You found it on level 6 of the Dungeon)
Jewellery
 c - a ring of protection from cold
   (You found it on level 4 of the Lair of Beasts)
 l - an amulet of magic regeneration
   (You bought it in a shop on level 2 of the Orcish Mines)
 t - an amulet of reflection (around neck)
   (You found it on level 4 of the Dungeon)
 w - a ring of magical power (right hand)
   (You found it in a bailey)
 z - a ring of wizardry
   (You found it on level 11 of the Dungeon)
 B - a ring of protection from cold
   (You found it in an ice cave)
 C - a ring of protection from cold
   (You found it on level 4 of the Lair of Beasts)
 I - a +6 ring of intelligence
   (You found it on level 12 of the Dungeon)
 O - a +4 ring of protection
   (You found it on level 12 of the Dungeon)
 Q - a ring of willpower
   (You found it on level 3 of the Lair of Beasts)
 W - the cursed ring of the Wild Blue Yonder (left hand) {MP+9, Elem, Melee}
   (You found it on level 3 of the Dungeon)

   [ring of magical power]

   It affects your magic capacity (+9).
   It has a curse which improves the following skills: Elements: Fire Magic, Ice
   Magic, Air Magic and Earth Magic.
   Melee Combat: Short Blades, Long Blades, Axes, Maces & Flails, Polearms,
   Staves and Unarmed Combat.
Wands
 e - a wand of flame (43)
   (You found it on level 2 of the Dungeon)
 o - a wand of iceblast (16)
   (You took it off Ijyb on level 3 of the Dungeon)
 y - a wand of paralysis (9)
   (You found it in a bailey)
 H - a wand of acid (27)
   (You took it off Joseph on level 8 of the Dungeon)
 K - a wand of mindburst (17)
   (You found it on level 9 of the Dungeon)
 R - a wand of digging (27)
   (You found it on level 4 of the Lair of Beasts)
Scrolls
 f - 2 scrolls of blinking {!r}
 g - a scroll of vulnerability {!r!r}
 h - a scroll of holy word
 i - 2 scrolls of magic mapping {!r}
 q - 3 scrolls of fog
 x - 15 scrolls of teleportation {@r4}
 D - a scroll of silence {!r}
 G - a scroll of summoning
 T - 2 scrolls of fear
Potions
 a - 4 potions of mutation {!q}
 j - 3 potions of resistance
 p - 3 potions of ambrosia
 s - 5 potions of heal wounds {@q2}
 v - 3 potions of brilliance
 F - 2 potions of magic
 J - a potion of lignification {!q}
 N - a potion of haste {@q3}
 P - 2 potions of cancellation
 S - 5 potions of curing {@q1}
 Y - a potion of might
Miscellaneous
 A - a phantom mirror
   (You found it on level 2 of the Lair of Beasts)
 V - a box of beasts
   (You found it on level 6 of the Lair of Beasts)

Dungeon Overview and Level Annotations

Branches:
Dungeon (15/15)            Temple (1/1) D:4            Lair (6/6) D:10
 Shoals (0/4) Lair:4        Snake (0/4) Lair:3        Slime (0/5) Lair:6
    Orc (2/2) D:11            Elf (1/3) Orc:2        Vaults (0/5) D:14
 Depths (0/5) D:15         Bailey (visited)           IceCv (visited)
Desolation (1/1)

Altars:
Ashenzari
Cheibriados
Dithmenos
Elyvilon
Fedhas
Gozag
Hepliaklqana
Kikubaaqudgha
Makhleb
Nemelex Xobeh
Okawaru
Qazlal
Ru
Sif Muna
Trog
Uskayaw
Vehumet
Wu Jian
Xom
Yredelemnul
Zin
The Shining One
Beogh
Jiyva

Shops:
D:5 *   Orc:1 !   Orc:2 [?=!

,,,,,,,,,,,,,,,,,,,,,,,,,,,,,,,,,
,,,,,,,,,,,§§.........§...,,,,,,,
,,,,,,,,,,,.§..............,,,,,,
,,,,,,,,,,,,.§.............,,,,,,
,,,,,,,,,.,,,#.............,,,,,,
,,,,,,,,,...##.............,,,,,,
,,,,,,,,,...#...............,,,,,
,,,,,**,,....................,,,,
,,,,,,,,,......8@.∩...........,,,
,,,,,,,,,......8a88............,,
,,,,,,,,,.......8a.............,,
,,,,,,,,*#.....................,,
,,,,,,,,,#.8........a..........,,
,,,,,,,,,..........#...§.......,,
,,**,,,,,.§.........#.§§§......,,
,,,,,,,,,§.........)..§§§8..8.a,,
,,,,,,,,,.§...........§§§§§a..*,,


You could see a ragged hierophant, a servant of whispers, an imperial myrmidon,
a crystal guardian (strong), a peacekeeper (strong) and 4 saltlings.


Message History

You block the saltling's attack. 😕 HP[+1] MP[+1]
The peacekeeper roars a battlecry!
The golems go into a battle-frenzy!
The ragged hierophant casts a spell at you.
A blast of power from the earth and the saltling strikes you!
A saltling comes into view.
The crystal guardian fires a crystalline bolt at you.
The crystal bolt misses you. 😕 HP[-2]
You take 2 damage, and now have 92/113 hp.
The peacekeeper roars!
The peacekeeper hurls a volley of spikes at you.
Your cursed +3 buckler of Ashenzari's Regret {reflect, Elem, Alch} reflects the volley of spikes!
The volley of spikes hits the peacekeeper.
The saltling hits you but does no damage. 😕 HP[+2]
You regained 2 hp, and now have 94/113 hp.
Casting: Lee's Rapid Deconstruction (safe; 1% risk of failure)
Confirm with . or Enter, or press ? or * to list all spells.
Aiming: Lee's Rapid Deconstruction (safe; 1% risk of failure)
Press: ? - help, Dir - move target, f - saltling Fragment what (e.g. wall or brittle monster)?: a saltling (strong)
The saltling shatters!!
You blow up the saltling!
The blast of salt crystal fragments hits the saltling!! x2
You destroy the saltling!
The blast of salt crystal fragments hits the saltling.
You block the saltling's attack.
The peacekeeper roars a battlecry!
The golems go into a battle-frenzy!
The saltling hits you! 😕 HP[-8] MP[-4]
You take 8 damage, and now have 86/113 hp.
You lost 4 mp, and now have 17/52 mp.
Casting: Lee's Rapid Deconstruction (safe; 1% risk of failure)
Confirm with . or Enter, or press ? or * to list all spells.
Aiming: Lee's Rapid Deconstruction (safe; 1% risk of failure)
Press: ? - help, Dir - move target, f - peacekeeper Fragment what (e.g. wall or brittle monster)?: a peacekeeper (lightly damaged, skewered by barbs)
Okay, then.
You block the saltling's attack.
There is a gate leading back out of this place here. 😕 HP[+1]
Casting: Lee's Rapid Deconstruction (safe; 1% risk of failure)
Confirm with . or Enter, or press ? or * to list all spells.
Aiming: Lee's Rapid Deconstruction (safe; 1% risk of failure)
Press: ? - help, Dir - move target, f - peacekeeper Fragment what (e.g. wall or brittle monster)?: a peacekeeper (moderately damaged, skewered by barbs)
The peacekeeper shatters!!
You blow up the peacekeeper!
The blast of metal fragments hits the saltling!
You destroy the saltling!
The blast of metal fragments hits the servant of whispers!!!
The blast of metal fragments hits the crystal guardian but does no damage.
The blast of metal fragments hits the saltling but does no damage.
The peacekeeper bites you!!
The peacekeeper claws you but does no damage.
A saltling comes into view.
You block the saltling's attack. The peacekeeper bites you.
The peacekeeper claws you but does no damage. 😮 HP[-24] MP[-5]
You take 24 damage, and now have 63/113 hp.
MASSIVE DAMAGE!! (PAUSE)
You lost 5 mp, and now have 12/52 mp.
Okay, then.
Okay, then.
Unknown command.
Okay, then.
You feel much better.
The ragged hierophant points at you and mumbles some strange words.
A blast of power from the earth and the adjacent constructs strikes you!
You block the peacekeeper's attack.
The peacekeeper barely misses you. 😮 HP[+2] MP[+1]
You regained 2 hp, and now have 65/113 hp.
Okay, then.
Casting: Lee's Rapid Deconstruction (safe; 1% risk of failure)
Confirm with . or Enter, or press ? or * to list all spells.
Aiming: Lee's Rapid Deconstruction (safe; 1% risk of failure)
Press: ? - help, Dir - move target, f - saltling Fragment what (e.g. wall or brittle monster)?: a saltling (heavily damaged, strong)
The saltling shatters!!
You blow up the saltling!
The blast of salt crystal fragments hits the peacekeeper!
The blast of salt crystal fragments hits the saltling.
The blast of salt crystal fragments hits the servant of whispers!!
The blast of salt crystal fragments hits the imperial myrmidon.
The blast of salt crystal fragments hits the saltling but does no damage.
The peacekeeper bites you!
* * * LOW HITPOINT WARNING * * *
You block the peacekeeper's attack.
The ragged hierophant casts a spell at you.
A blast of power from the earth and the adjacent constructs strikes you!
* * * LOW HITPOINT WARNING * * *
You block the saltling's attack. The peacekeeper misses you.
The peacekeeper closely misses you.
The servant of whispers completely misses you.
The crystal guardian fires a crystalline bolt at you.
The crystal bolt freezes you!!!
You die...

Skill      XL: |  1  2  3  4  5  6  7  8  9 10 11 12 13 14 15 16 |
---------------+-------------------------------------------------+-----
Fighting       | 1 2 3 6 8 9 10 11 12 13 | 13.9
Dodging        | 2 3 4 5 6 7 8 9 10 11 | 11.5
Earth Magic    | 4 5 6 8 10 11 12 13 14 15 16 | 16.2
Unarmed Combat | 1 2 |  2.0
Conjurations   | 1 3 5 7 8 9 11 12 13 14 | 14.9
Spellcasting   | 3 4 5 6 7 8 9 10 11 | 11.9
Shields        | 1 4 |  4.0
Stealth        | |  2.1
Transmutations | |  0.8

Action                   |  1- 3 |  4- 6 |  7- 9 | 10-12 | 13-15 | 16-18 || total
-------------------------+-------+-------+-------+-------+-------+-------++-------
Melee: Unarmed           |    31 |       |       |       |       |       ||    31
       Dagger            |    49 |   119 |   252 |   161 |   600 |    45 ||  1226
       Punch             |     2 |     3 |     1 |       |     2 |       ||     8
       Quarterstaff      |       |    29 |       |       |       |       ||    29
       Dire flail        |       |       |    66 |       |       |       ||    66
Throw: Dart              |       |       |       |    17 |     2 |       ||    19
 Cast: Sandblast         |    15 |    38 |     4 |       |     1 |       ||    58
       Stone Arrow       |       |     1 |    68 |   189 |   399 |    55 ||   712
       Lee's Rapid Decon |       |       |       |    76 |   127 |    80 ||   283
       Iron Shot         |       |       |       |       |    84 |    73 ||   157
Invok: Curse Item        |       |       |       |       |     3 |     1 ||     4
Evoke: Wand              |       |     7 |       |       |     3 |       ||    10
  Use: Scroll            |     3 |    12 |     4 |     3 |     6 |     1 ||    29
       Potion            |       |     1 |     2 |       |     1 |     1 ||     5
 Stab: Sleeping          |     1 |     2 |     2 |       |     7 |       ||    12
       Distracted        |       |       |       |       |     1 |       ||     1
Armor: Robe              |    21 |    52 |   174 |    99 |   341 |    27 ||   714
       Ring mail         |     1 |     6 |       |       |       |       ||     7
Dodge: Dodged            |    48 |   104 |   197 |   144 |   526 |    66 ||  1085
Block: Other             |       |    10 |    94 |    48 |    34 |       ||   186
       Reflection        |       |       |     6 |     4 |    32 |    19 ||    61
       Buckler           |       |       |       |       |   532 |    71 ||   603

Levels and vault maps discovered:
D:1:      dpeg_arrival_shrine, layout_basic, hellmonk_ecumenical_altar_zigzags
D:2:      layout_basic, serial_forest, infiniplex_forest_end_1,
          infiniplex_forest_corner_1, infiniplex_forest_clump_cross,
          infiniplex_forest_straight_2, infiniplex_forest_clump_curved,
          infiniplex_forest_end_double, infiniplex_forest_straight_5,
          minmay_statues_item, uniq_natasha
D:3:      layout_rooms, uniq_ijyb, uniq_crazy_yiuf_cottage
D:4:      layout_loops_cross, kennysheep_mini, lemuel_doored_altar,
          minmay_temple_entry_junction
D:5:      layout_loops_ring, serial_shops, shop_fountains
D:6:      layout_loops_cross, cheibriados_altar_1, uniq_pikel, uniq_edmund
D:7:      layout_basic, gammafunk_temple_overflow_wave
D:8:      layout_gridville, enter_bailey_2, uniq_joseph
D:9:      layout_roguey, pf_just_have_faith
D:10:     layout_loops_corners, dpeg_lair_monsters, minmay_misc_feat_plants,
          kennysheep_island_fort
D:11:     layout_cave_pools, erik_orc_1, ebering_ghost_disaster_area,
          nicolae_wu_jian_immortal_techniques
D:12:     layout_basic
D:13:     layout_long_grid, trog_butcher_becter, uniq_snorg
D:14:     layout_basic, grunt_vaults_entry_fortified,
          hangedman_abyss_or_decor_stabs, uniq_agnes
D:15:     hangedman_depths_entry_try_elsewhere_first, layout_layer_cave,
          minivault_11, uniq_jorgrun
Temple:   regret_index_temple_sphere_string
Lair:1:   layout_gridlike, grunt_megastairs_2, infiniplex_staircase_pool_2,
          uniq_erica
Lair:2:   layout_misc_corridors, serial_bayou_shore_b
Lair:3:   layout_regular_city, minmay_snake_entry_guardpost_small, basic_altar,
          lemuel_fruit_tree, wad_woods_river_01
Lair:4:   gammafunk_lair_enchanted_lake, layout_long_grid, shoals_dummy_entry,
          serial_bayou, serial_bayou_pond_b, serial_bayou_shore_b,
          serial_bayou_lagoon_a, serial_bayou_pond_a, serial_bayou_shore_a
Lair:5:   layout_small_grid, kennysheep_abandoned_house
Lair:6:   minmay_lair_end_frog_pond, layout_cave_pods, slime_altar_1, uniq_sonja
Orc:1:    layout_caves, serial_shops, nicolae_shop_stone,
          portal_ice_cave_demonic_guard, basic_altar
Orc:2:    st_orc_mages, layout_caves, uniq_erolcha
Elf:1:    minmay_elf_arrival_circle, layout_geoelf_diagonals,
          portal_desolation_entry_nicolae_nacl, orc_legates
Desolation

Notes
Turn   | Place    | Note
-------+----------+-------------------------------------------
     0 | D:1      | spiderkeys the Gargoyle Earth Elementalist began the quest
                  | for the Orb.
     0 | D:1      | Reached XP level 1. HP: 10/10 MP: 3/3
     0 | D:1      | magus.rc [v1.9.10]
   216 | D:1      | Reached XP level 2. HP: 16/16 MP: 5/5
   306 | D:1      | Found a faded altar of an unknown god.
   464 | D:1      | You pick up a book of Cantrips and begin reading...
   464 | D:1      | You add the spells Corona, Animate Skeleton, Summon Small
                  | Mammal and Apportation to your library.
  1010 | D:2      | Reached skill level 1 in Fighting
  1096 | D:2      | Reached XP level 3. HP: 10/20 MP: 6/6
  1371 | D:2      | Reached skill level 2 in Dodging
  1371 | D:2      | Reached skill level 4 in Earth Magic
  1482 | D:2      | Noticed Natasha
  1486 | D:2      | Killed Natasha
  1487 | D:2      | Reached skill level 1 in Unarmed Combat
  1487 | D:2      | Reached XP level 4. HP: 14/25 MP: 2/7
  2133 | D:3      | Reached skill level 2 in Fighting
  2133 | D:3      | Reached XP level 5. HP: 14/30 MP: 2/9
  2646 | D:3      | Noticed Ijyb
  2680 | D:3      | Killed Ijyb
  2681 | D:3      | Reached skill level 2 in Unarmed Combat
  2792 | D:3      | Learned a level 3 spell: Stone Arrow
  2800 | D:3      | Found a runed translucent door.
  2801 | D:3      | Noticed Crazy Yiuf
  2999 | D:3      | Gained mutation: Your large and strong wings let you fly.
                  | [potion of mutation]
  2999 | D:3      | Gained mutation: You occasionally shout uncontrollably at
                  | your foes. [potion of mutation]
  2999 | D:3      | Gained mutation: Your natural rate of healing is unusually
                  | fast. [potion of mutation]
  3023 | D:3      | Killed Crazy Yiuf
  3128 | D:4      | Reached skill level 1 in Conjurations
  3141 | D:4      | Found a staircase to the Ecumenical Temple.
  3150 | D:4      | Reached skill level 3 in Spellcasting
  3150 | D:4      | Reached XP level 6. HP: 35/35 MP: 10/10
  3171 | Temple   | Entered the Ecumenical Temple
  3510 | D:4      | Found a blossoming altar of Fedhas.
  3551 | D:4      | Found a sparkling altar of Nemelex Xobeh.
  3724 | D:4      | You pick up a book of Changes and begin reading...
  3724 | D:4      | You add the spells Beastly Appendage, Wereblood, Spider
                  | Form, Ice Form and Hydra Form to your library.
  3737 | D:4      | Reached skill level 2 in Conjurations
  4074 | D:5      | Entered Level 5 of the Dungeon
  4074 | D:5      | Found Urrekama's General Store.
  4129 | D:5      | Reached skill level 5 in Earth Magic
  4166 | D:5      | Reached skill level 3 in Dodging
  4263 | D:5      | Identified a scroll of acquirement
  4263 | D:5      | Acquired 602 gold pieces
  4289 | D:5      | Reached skill level 3 in Conjurations
  4289 | D:5      | Reached XP level 7. HP: 40/40 MP: 12/12
  4431 | D:5      | Reached skill level 4 in Conjurations
  4600 | D:5      | Reached skill level 4 in Spellcasting
  4681 | D:5      | Reached skill level 5 in Conjurations
  4879 | D:5      | Reached XP level 8. HP: 44/44 MP: 14/14
  5097 | D:6      | Reached skill level 6 in Conjurations
  5147 | D:6      | Found a snail-covered altar of Cheibriados.
  5421 | D:6      | Reached skill level 5 in Spellcasting
  5598 | D:6      | Reached skill level 3 in Fighting
  5598 | D:6      | Reached skill level 7 in Conjurations
  5607 | D:6      | Noticed Edmund
  5612 | D:6      | Killed Edmund
  5788 | D:6      | Reached skill level 6 in Earth Magic
  5788 | D:6      | Reached XP level 9. HP: 52/52 MP: 17/17
  5823 | D:6      | Reached skill level 4 in Fighting
  6044 | D:6      | Noticed Pikel
  6047 | D:6      | Killed Pikel
  6048 | D:6      | Reached skill level 5 in Fighting
  6048 | D:6      | Reached skill level 6 in Spellcasting
  6048 | D:6      | Reached skill level 7 in Earth Magic
  6207 | D:6      | Learned a level 5 spell: Lee's Rapid Deconstruction
  6556 | D:7      | Found a sacrificial altar of Ru.
  6556 | D:7      | Found a broken altar of Ashenzari.
  7153 | D:7      | Became a worshipper of Ashenzari the Shackled
  7201 | D:8      | Found a flagged portal.
  7210 | Bailey   | Entered a bailey
  7210 | Bailey   | Noticed an orc knight
  7211 | Bailey   | Noticed an orc knight
  7220 | Bailey   | HP: 11/55 [orc warrior/bolt (15)]
  7225 | Bailey   | Reached skill level 6 in Fighting
  7237 | Bailey   | Reached skill level 8 in Earth Magic
  7378 | Bailey   | Reached skill level 4 in Dodging
  7378 | Bailey   | Reached XP level 10. HP: 60/60 MP: 17/20
  7398 | Bailey   | Killed an orc knight
  7399 | Bailey   | Reached skill level 7 in Spellcasting
  7548 | Bailey   | Killed an orc knight
  7549 | Bailey   | Reached skill level 7 in Fighting
  7694 | Bailey   | Reached skill level 9 in Earth Magic
  7914 | Bailey   | Identified the +1 robe "Aroesoosk" {rElec rF+}
  8078 | D:8      | Reached skill level 5 in Dodging
  8138 | D:8      | You pick up a book of Power and begin reading...
  8138 | D:8      | You add the spells Iskenderun's Battlesphere, Bolt of
                  | Magma, Iron Shot, Orb of Destruction and Spellforged
                  | Servitor to your library.
  8349 | D:8      | Reached skill level 8 in Fighting
  8914 | D:8      | Noticed Joseph
  8918 | D:8      | Killed Joseph
  8919 | D:8      | Reached skill level 10 in Earth Magic
  8919 | D:8      | Reached XP level 11. HP: 67/69 MP: 21/21
  9186 | D:8      | Reached skill level 6 in Dodging
  9397 | D:9      | You pick up a book of Frost and begin reading...
  9397 | D:9      | You add the spells Freeze, Frozen Ramparts, Ozocubu's
                  | Armour, Hailstorm and Metabolic Englaciation to your
                  | library.
  9973 | D:9      | Found a shimmering altar of Xom.
 10001 | D:9      | Reached skill level 9 in Fighting
 10570 | D:10     | Entered Level 10 of the Dungeon
 10570 | D:10     | Found a staircase to the Lair.
 10570 | D:10     | Noticed a death yak
 10571 | D:10     | Noticed a death yak
 10572 | D:10     | Noticed a death yak
 10572 | D:10     | Noticed a death yak
 10572 | D:10     | Noticed a death yak
 10574 | D:10     | Noticed a death yak
 10580 | D:9      | Killed a death yak
 10581 | D:9      | Reached skill level 8 in Conjurations
 10739 | D:10     | Identified the Handbook of Flight and Companions
 10743 | D:10     | You add the spells Airstrike, Summon Hydra and Tornado to
                  | your library.
 10769 | D:10     | Learned a level 2 spell: Passwall
 11020 | D:10     | Killed a death yak
 11021 | D:10     | Reached skill level 8 in Spellcasting
 11021 | D:10     | Reached skill level 11 in Earth Magic
 11096 | D:10     | Noticed a deep elf zephyrmancer
 11186 | D:10     | Killed a death yak
 11187 | D:10     | Reached XP level 12. HP: 77/77 MP: 9/24
 11189 | D:10     | Killed a death yak
 11190 | D:10     | Reached skill level 7 in Dodging
 11349 | D:10     | Killed a death yak
 11394 | D:10     | Killed a death yak
 11574 | D:10     | Reached skill level 10 in Fighting
 11650 | D:10     | You pick up a book of Necromancy and begin reading...
 11650 | D:10     | You add the spells Pain, Vampiric Draining, Animate Dead
                  | and Agony to your library.
 11863 | D:10     | Reached skill level 9 in Conjurations
 12389 | D:11     | Noticed a boulder beetle
 12473 | D:11     | Noticed a two-headed ogre
 12509 | D:11     | Killed a two-headed ogre
 12730 | Lair:1   | Entered Level 1 of the Lair of Beasts
 13419 | Lair:1   | Reached skill level 12 in Earth Magic
 13614 | Lair:1   | Noticed Erica
 13625 | Lair:1   | Killed Erica
 13626 | Lair:1   | Reached skill level 9 in Spellcasting
 14068 | Lair:2   | Noticed a five-headed hydra
 14083 | Lair:2   | Killed a five-headed hydra
 14094 | Lair:2   | Reached XP level 13. HP: 59/83 MP: 7/26
 14105 | Lair:2   | Reached skill level 8 in Dodging
 14820 | Lair:3   | Reached skill level 10 in Conjurations
 14848 | Lair:3   | Reached skill level 11 in Fighting
 15119 | Lair:3   | You pick up a book of Maledictions and begin reading...
 15119 | Lair:3   | You add the spells Ensorcelled Hibernation, Confusing
                  | Touch, Tukima's Dance and Dazzling Flash to your library.
 15136 | Lair:3   | Learned a level 6 spell: Iron Shot
 15148 | Lair:3   | Found an iron altar of Okawaru.
 15724 | Lair:3   | Found a staircase to the Snake Pit.
 16522 | Lair:4   | Found a staircase to the Shoals.
 16941 | Lair:4   | Identified the +1 plate armour of the Spider Nest {*Corrode
                  | Dex+7 SInv}
 16967 | Lair:4   | Found a runed translucent door.
 17128 | Lair:4   | Reached skill level 13 in Earth Magic
 18089 | Lair:5   | Reached skill level 10 in Spellcasting
 18148 | Lair:5   | Reached skill level 1 in Shields
 18417 | Lair:5   | Reached skill level 11 in Conjurations
 18439 | Lair:5   | Mutation became permanent: Your large and strong wings let
                  | you fly. [Gargoyle growth]
 18439 | Lair:5   | Gained mutation: Your large and strong wings let you fly.
                  | [Gargoyle growth]
 18439 | Lair:5   | Reached XP level 14. HP: 92/92 MP: 7/28
 18647 | Lair:5   | Reached skill level 9 in Dodging
 18769 | Lair:5   | Identified the +7 falchion "Odiocew" {vorpal, Str+4}
 18825 | Lair:5   | Reached skill level 2 in Shields
 19231 | Lair:6   | Entered Level 6 of the Lair of Beasts
 19532 | Lair:6   | Reached skill level 12 in Fighting
 19627 | Lair:6   | Reached skill level 3 in Shields
 20313 | Lair:6   | Acquired 1226 gold pieces
 20427 | Lair:6   | Reached skill level 4 in Shields
 20489 | Lair:6   | Noticed Sonja
 20675 | Lair:6   | Found a viscous altar of Jiyva.
 20676 | Lair:6   | Found a staircase to the Slime Pits.
 20853 | Lair:6   | You add the spells Sting, Poisonous Vapours, Mephitic
                  | Cloud, Ignite Poison and Olgreb's Toxic Radiance to your
                  | library.
 20981 | Lair:6   | You pick up a book of Flames and begin reading...
 20981 | Lair:6   | You add the spells Foxfire, Conjure Flame, Inner Flame,
                  | Sticky Flame and Fireball to your library.
 21291 | Lair:6   | Killed Sonja
 21448 | Lair:6   | Reached skill level 14 in Earth Magic
 21968 | D:11     | Found a large runed translucent door.
 21968 | D:11     | Found a large runed translucent door.
 21969 | D:11     | Noticed barkas's ghost (journeyman NaIE)
 22277 | D:11     | Found a staircase to the Orcish Mines.
 22638 | D:11     | Found an ornate altar of the Wu Jian Council.
 22820 | D:11     | Killed barkas's ghost
 22821 | D:11     | Reached skill level 12 in Conjurations
 23124 | D:12     | Reached * piety under Ashenzari
 23280 | D:12     | Reached XP level 15. HP: 91/99 MP: 30/30
 23554 | D:12     | You pick up a book of Fire and begin reading...
 23554 | D:12     | You add the spells Starburst and Ignition to your library.
 23758 | Orc:1    | Entered Level 1 of the Orcish Mines
 23950 | Orc:1    | Reached skill level 11 in Spellcasting
 23998 | Orc:1    | Found a frozen archway.
 24018 | IceCv    | Entered an ice cave
 24487 | IceCv    | Reached skill level 10 in Dodging
 24752 | IceCv    | Reached skill level 13 in Fighting
 25272 | IceCv    | Noticed a frost giant
 25281 | IceCv    | Killed a frost giant
 26032 | Orc:1    | Found Redghiloff's Distillery.
 26054 | Orc:1    | Bought a potion of heal wounds for 85 gold pieces
 26054 | Orc:1    | Bought a potion of mutation for 136 gold pieces
 26054 | Orc:1    | Bought a potion of magic for 136 gold pieces
 26220 | Orc:2    | Entered Level 2 of the Orcish Mines
 26680 | Orc:2    | Noticed Erolcha
 26694 | Orc:2    | Killed Erolcha
 26769 | Orc:2    | Found a staircase to the Elven Halls.
 27763 | Orc:2    | Found Wein Kuw's Distillery.
 27764 | Orc:2    | Found Xyonk's Magic Scroll Shoppe.
 27765 | Orc:2    | Found Ranlofid's Armour Shoppe.
 27769 | Orc:2    | Found Ucyloe's Jewellery Emporium.
 27772 | Orc:2    | Bought a potion of heal wounds for 75 gold pieces
 27971 | Orc:2    | Bought an amulet of magic regeneration for 360 gold pieces
 27973 | Orc:2    | Bought a scroll of summoning for 123 gold pieces
 27973 | Orc:2    | Bought a scroll of teleportation for 39 gold pieces
 27973 | Orc:2    | Bought a scroll of teleportation for 39 gold pieces
 27973 | Orc:2    | Bought a scroll of teleportation for 39 gold pieces
 27973 | Orc:2    | Bought a scroll of fear for 45 gold pieces
 27973 | Orc:2    | Bought a scroll of teleportation for 39 gold pieces
 27973 | Orc:2    | Bought a scroll of fog for 26 gold pieces
 27974 | Orc:2    | Bought a potion of magic for 120 gold pieces
 28397 | D:13     | Acquired the +8 mithril axe "Arga" {speed, Will+}
 28398 | D:13     | Found the +8 mithril axe "Arga" {speed, Will+}
 28726 | D:13     | Noticed Snorg
 28732 | D:13     | Killed Snorg
 28735 | D:13     | Reached skill level 15 in Earth Magic
 29179 | D:13     | Found a bloodstained altar of Trog.
 29195 | D:13     | Reached ** piety under Ashenzari
 29339 | D:13     | Reached skill level 13 in Conjurations
 29479 | D:13     | Reached XP level 16. HP: 77/107 MP: 9/33
 29786 | D:14     | Identified the +7 chain mail "Zunob" {rPois Int+5 Dex-5}
 29788 | D:14     | Noticed Agnes
 29795 | D:14     | Killed Agnes
 31129 | D:14     | Found a gate to the Vaults.
 31245 | D:14     | Reached skill level 11 in Dodging
 31369 | D:15     | Entered Level 15 of the Dungeon
 31618 | D:15     | Noticed Jorgrun
 31622 | D:15     | Killed Jorgrun
 31663 | D:15     | Reached skill level 14 in Conjurations
 32633 | D:15     | Found a staircase to the Depths.
 33909 | Elf:1    | Entered Level 1 of the Elven Halls
 33983 | Elf:1    | Reached skill level 16 in Earth Magic
 34444 | Elf:1    | Found a ruined gateway.
 34582 | Elf:1    | Learned a level 3 spell: Mephitic Cloud
 34583 | Desolati | Entered the Desolation of Salt
 34626 | Desolati | Reached XP level 17. HP: 113/113 MP: 34/34
 34645 | Desolati | Killed from afar by a crystal guardian

Vanquished Creatures
  Jorgrun (D:15)
  Agnes (D:14)
  A frost giant (IceCv)
  A dire elephant (D:15)
  Snorg (D:13)
  2 ragged hierophants
  The ghost of barkas the Covert, a journeyman NaIE of Dithmenos (D:11)
  5 hydras
  5 boulder beetles
  2 peacekeepers (Desolation)
  5 vault guards (D:14)
  An ogre mage (D:15)
  Erolcha (Orc:2)
  A death knight (D:15)
  Erica (Lair:1)
  2 catoblepae (Lair:4)
  6 centaur warriors
  5 two-headed ogres
  A dancing weapon (Elf:1)
  9 death yaks
  4 orc high priests (Orc:2)
  2 deep elf knights
  Sonja (Lair:6)
  10 slime creatures
  2 deep elf archers
  A wizard (D:15)
  Pikel (D:6)
  7 deep elf zephyrmancers
  5 deep elf pyromancers
  7 orc knights
  A lindwurm (Lair:4)
  4 orc sorcerers
  A wolf spider (D:15)
  4 cyclopes
  A manticore (D:15)
  15 ugly things
  A salamander (D:15)
  16 elephants
  9 black mambas
  Joseph (D:8)
  An ice statue (IceCv)
  A molten gargoyle (Elf:1)
  2 gargoyles
  26 cane toads
  2 unseen horrors
  2 kobold demonologists
  A freezing wraith (D:14)
  5 komodo dragons
  2 ice devils (Orc:1)
  4 rime drakes
  An efreet (D:14)
  2 tyrant leeches (Lair:6)
  A hornet (D:8)
  9 saltlings
  6 trolls
  13 polar bears
  25 blink frogs
  A shadow (D:11)
  7 wyverns
  77 yaks
  3 vampires
  4 wraiths
  11 vampire mosquitoes
  2 basilisks
  5 wargs
  2 steam dragons
  3 acid dragons
  4 nagas (Lair:3)
  Edmund (D:6)
  12 water moccasins
  46 orc warriors
  A swamp drake (D:11)
  A sky beast (D:5)
  2 ice beasts
  3 black bears
  14 centaurs
  5 ogres
  2 necrophages
  24 wolves
  2 kobold brigands
  3 lemures (D:6)
  24 bullfrogs
  A gnoll sergeant (D:9)
  4 scorpions
  A water moccasin zombie (D:6)
  2 water moccasin skeletons
  13 killer bees
  4 wights (D:8)
  8 electric eels
  4 howler monkeys
  5 centaur zombies
  A bullfrog zombie (D:5)
  4 hounds
  35 orc priests
  Crazy Yiuf (D:3)
  A gnoll shaman (Orc:1)
  A bullfrog skeleton (D:7)
  2 centaur skeletons
  5 iguanas
  Ijyb (D:3)
  3 hell rats (Lair:5)
  42 orc wizards
  Natasha (D:2)
  A killer bee zombie (D:7)
  A howler monkey zombie (D:4)
  12 gnolls
  6 adders
  5 river rats (Lair:5)
  A shadow imp (D:4)
  An adder skeleton (D:4)
  3 dart slugs
  82 orcs
  3 bats
  3 endoplasms
  A giant cockroach (D:1)
  6 goblins
  4 hobgoblins
  3 jackals (D:3)
  8 quokkas
  6 ball pythons
  2 frilled lizards (D:1)
  13 kobolds
  10 rats
817 creatures vanquished.

Vanquished Creatures (collateral kills)
  A frilled lizard (D:2)
1 creature vanquished.

Vanquished Creatures (others)
  An orc wizard (Orc:2)
  34 fungi
  A pillar of salt (Desolation)
  95 plants
  14 toadstools (Lair:4)
145 creatures vanquished.

Grand Total: 963 creatures vanquished

Table legend:
 A = Non-vault XP
 B = Vault XP
 C = Vault XP percentage of total XP
 D = Non-vault monster count
 E = Vault monster count
 F = Vault count percentage of total count
                 A         B        C        D         E       F
            +---------+---------+-------+---------+---------+-------
      Total |  101465 |   83416 |  45.1 |     534 |     281 |  34.5
            +---------+---------+-------+---------+---------+-------
        D:1 |      28 |       0 |   0.0 |      16 |       0 |   0.0
        D:2 |      27 |      35 |  56.5 |      10 |       1 |   9.1
        D:3 |     127 |      77 |  37.7 |      20 |       2 |   9.1
        D:4 |     162 |       0 |   0.0 |      14 |       0 |   0.0
        D:5 |     801 |       0 |   0.0 |      23 |       0 |   0.0
        D:6 |    1165 |     756 |  39.4 |      20 |       2 |   9.1
        D:7 |    1066 |       0 |   0.0 |      20 |       0 |   0.0
        D:8 |    3322 |     466 |  12.3 |      26 |       1 |   3.7
        D:9 |    3881 |     857 |  18.1 |      46 |       1 |   2.1
       D:10 |    2401 |    5235 |  68.6 |      20 |       8 |  28.6
       D:11 |    5840 |    1643 |  22.0 |      23 |      18 |  43.9
       D:12 |    2365 |       0 |   0.0 |      10 |       0 |   0.0
       D:13 |    9781 |    1496 |  13.3 |      33 |       5 |  13.2
       D:14 |   12156 |   10043 |  45.2 |      32 |      11 |  25.6
       D:15 |   13571 |    6245 |  31.5 |      26 |       5 |  16.1
     Lair:1 |    3382 |    1036 |  23.4 |      19 |       2 |   9.5
     Lair:2 |    3924 |       0 |   0.0 |      14 |       0 |   0.0
     Lair:3 |    4065 |    1872 |  31.5 |      17 |       9 |  34.6
     Lair:4 |    4446 |    5329 |  54.5 |      19 |      12 |  38.7
     Lair:5 |    5764 |     627 |   9.8 |      15 |      14 |  48.3
     Lair:6 |   12431 |   13134 |  51.4 |      34 |      52 |  60.5
      Orc:1 |    3383 |     916 |  21.3 |      39 |       4 |   9.3
      Orc:2 |    3246 |    7899 |  70.9 |      32 |      48 |  60.0
      Elf:1 |    4131 |    3214 |  43.8 |       6 |       6 |  50.0
     Bailey |       0 |    2504 | 100.0 |       0 |      16 | 100.0
      IceCv |       0 |   15156 | 100.0 |       0 |      54 | 100.0
 Desolation |       0 |    4876 | 100.0 |       0 |      10 | 100.0
            +---------+---------+-------+---------+---------+-------

Illustrated notes

Table legend:
 A = Kills in this place as a percentage of kills in entire the game.
 B = Kills by you in this place as a percentage of kills by you in the entire game.
 C = Kills by friends in this place as a percentage of kills by friends in the entire game.
 D = Other kills in this place as a percentage of other kills in the entire game.
 E = Experience gained in this place as a percentage of experience gained in the entire game.
 F = Experience gained in this place divided by the number of levels of this place that you have seen.
                   A       B       C       D       E      F
               +-------+-------+-------+-------+-------+----------------------
         Total | 100.0 | 100.0 | 100.0 |   N/A | 100.0 | 6602.9
       Dungeon |  48.2 |  48.2 | 100.0 |   N/A |  45.2 | 5569.7
          Lair |  25.4 |  25.4 |   0.0 |   N/A |  30.3 | 9335.0
  Orcish Mines |  15.1 |  15.1 |   0.0 |   N/A |   8.4 | 7722.0
   Elven Halls |   1.5 |   1.5 |   0.0 |   N/A |   4.0 | 7345.0
        Bailey |   2.0 |   2.0 |   0.0 |   N/A |   1.4 | 2504.0
      Ice Cave |   6.6 |   6.6 |   0.0 |   N/A |   8.2 | 15156.0
    Desolation |   1.2 |   1.2 |   0.0 |   N/A |   2.6 | 4876.0
               +-------+-------+-------+-------+-------+----------------------

Table legend: (Time is in decaauts)
 A = Elapsed time spent in this place.
 B = Non-inter-level travel time spent in this place.
 C = Inter-level travel time spent in this place.
 D = Time resting spent in this place.
 E = Time spent auto-exploring this place.
 F = Levels seen in this place.
 G = Mean time per level.
                   A        B        C        D        E       F      G
               +--------+--------+--------+--------+--------+-----+--------+
         Total |  34709 |  33622 |   1087 |   3742 |  24091 |  28 | 1239.6 |
       Dungeon |  19672 |  18965 |    707 |   1681 |  14231 |  15 | 1311.5 |
        Temple |    154 |    147 |      7 |      0 |    146 |   1 |  154.0 |
          Lair |   9019 |   8756 |    263 |    807 |   6601 |   6 | 1503.2 |
  Orcish Mines |   2674 |   2564 |    110 |    388 |   1483 |   2 | 1337.0 |
   Elven Halls |    610 |    610 |      0 |    238 |    297 |   1 |  610.0 |
        Bailey |    857 |    857 |      0 |    439 |    167 |   1 |  857.0 |
      Ice Cave |   1658 |   1658 |      0 |    177 |   1166 |   1 | 1658.0 |
    Desolation |     61 |     61 |      0 |     12 |      0 |   1 |   61.0 |
               +--------+--------+--------+--------+--------+-----+--------+

Top non-repeatable levels by time:
    D:15: 2300 daAuts
  Lair:6: 2298 daAuts
    D:10: 2145 daAuts
    D:14: 1815 daAuts
  Lair:5: 1701 daAuts
   IceCv: 1658 daAuts
   Orc:2: 1594 daAuts
  Lair:4: 1577 daAuts
    D:13: 1471 daAuts
  Lair:3: 1437 daAuts
    D:11: 1419 daAuts
     D:8: 1357 daAuts
     D:9: 1243 daAuts
     D:6: 1177 daAuts
     D:2: 1120 daAuts
